Map: King's Cove LE

Players

wootwoot

  • Race: Terran Terran
  • League: Diamond
  • Spawn Location: 5:00

llllllllllll - Winner!

  • Race: Zerg Zerg
  • League: Diamond
  • Spawn Location: 11:00

VOD

Have the link to the VOD?

Description

Time

  • Played on: April 23, 2025, 4:42 a.m.
  • Length: 4:35
Show
View Real Time Build Order
Export as new Build Order

wootwoot Terran 

Build Orders:  

Get SALT Encoding   

  12  0:00  SCV  
  13  0:12  SCV  
  14  0:21  Supply Depot  
  14  0:25  SCV  
  15  0:43  SCV  
  15  0:47  Barracks  
  16  0:59  Barracks  
  16  1:10  Barracks  
  16  1:23  SCV  
  17  1:34  Marine  
  18  1:41  SCV  
  18  1:52  Marine  
  18  1:54  SCV  
  18  1:59  Marine  
  19  2:01  Barracks  
  19  2:06  SCV  
  20  2:10  Marine  
  20  2:17  Marine  
  20  2:18  SCV  
  21  2:26  Marine  
  21  2:28  Marine  
  22  2:30  SCV  
  23  2:55  Supply Depot  
  23  3:13  Marine x2  
  23  3:14  Marine  
  22  3:26  SCV  
  22  3:31  Marine x2  
  22  3:32  Marine  
  23  3:48  Marine  
  23  3:49  Marine  
  23  3:50  Marine  
  23  3:54  SCV  
  27  4:06  Marine x2  
  27  4:07  Marine  
Show
View Real Time Build Order
Export as new Build Order

llllllllllll Zerg - Winner!

Build Orders: Hatch First 

Get SALT Encoding   

  12  0:00  Drone  
  13  0:12  Overlord  
  13  0:17  Drone  
  14  0:30  Drone x2  
  14  0:34  Drone  
  17  0:50  Hatchery  
  17  0:54  Drone  
  17  0:57  Drone  
  18  1:09  Extractor  
  17  1:13  Spawning Pool  
  17  1:16  Drone  
  17  1:26  Drone  
  18  1:53  Drone x3  
  21  2:04  Zergling x2  
  21  2:07  Roach Warren  
  21  2:23  Zergling x2  
  21  2:32  Zergling x2  
  21  2:33  Queen  
  22  2:48  Zergling x4  
  22  2:50  Roach  
  23  3:07  Roach  
  24  3:16  Roach  
  25  3:29  Roach  
  25  3:35  Ravager  
  25  3:36  Overlord  
  26  3:45  Ravager  
  27  3:50  Extractor  
  26  3:59  Roach  
  26  4:01  Drone x3  
  31  4:16  Roach  
Tags
 
Add a new tag
Caveats
  • Supply blocks, unpowered buildings, or Contaminate may cause inaccurate times.
  • Supply counts are checked every 10 seconds.